 Dungeon Crawl Stone Soup version 0.18.1-50-g88ac8fd (webtiles) character file.

119 epen the Ruffian (level 5, -3/42 HPs)
             Began as a Formicid Monk on Oct 5, 2016.
             Slain by Capuchin's ghost (11 damage)
             ... on level 3 of the Dungeon.
             The game lasted 00:03:27 (3064 turns).

epen the Ruffian (Formicid Monk)                    Turns: 3064, Time: 00:03:28

Health: -3/42      AC:  5    Str: 16    XL:     5   Next: 24%
Magic:  5/5        EV: 12    Int: 13    God:
Gold:   85         SH:  0    Dex: 14    Spells: 0 memorised, 4 levels left

rFire  . . .     SeeInvis +       - Unarmed
rCold  . . .     Gourm    .     j - +0 ring mail
rNeg   . . .     Faith    .     (no shield)
rPois  .         Spirit   .     (helmet unavailable)
rElec  .         Dismiss  .     (no cloak)
rCorr  .         Reflect  .     (no gloves)
SustAt .         Harm     .     (no boots)
MR     .....                    (no amulet)
Stlth  +.........               (no ring)
                                d - +4 ring of intelligence

@: not resistant to hostile enchantments, very unstealthy
A: permanent stasis, dig shafts and tunnels, four strong arms, antennae 3
a: Dig, Shaft Self


You were on level 3 of the Dungeon.
You were not hungry.

You visited 1 branch of the dungeon, and saw 3 of its levels.

You collected 85 gold pieces.

Inventory:

Hand Weapons
 g - a +0 whip of holy wrath
Armour
 a - a +0 robe
 j - a +0 ring mail (worn)
Jewellery
 d - a +4 ring of intelligence (left hand)
Wands
 k - a wand of flame (35/48)
Scrolls
 e - 5 scrolls of enchant weapon
 i - 4 scrolls of identify
 m - a scroll of enchant armour {unknown}
Potions
 c - a potion of degeneration {unknown}
Comestibles
 b - 4 bread rations
 f - a meat ration
 h - a beef jerky
 l - 4 chunks of flesh


   Skills:
 + Level 4.0 Fighting
 * Level 3.7 Dodging
 - Level 2.4 Stealth
 * Level 5.0 Unarmed Combat


You had 4 spell levels left.
You didn't know any spells.

Dungeon Overview and Level Annotations

Branches:
Dungeon (3/15)

Altars:
Gozag
Zin

Annotations:
D:3 Capuchin's ghost, amateur MiFi


Innate Abilities, Weirdness & Mutations

You are under a permanent stasis effect.
You can dig through walls and to a lower floor.
Your four strong arms can wield two-handed weapons with a shield.
You have a pair of large antennae on your head (SInv).


Message History

You barely miss Capuchin's ghost.
Capuchin's ghost is heavily damaged.
Capuchin's ghost hits you.
You hit Capuchin's ghost but do no damage.
Capuchin's ghost is heavily damaged.
You barely miss Capuchin's ghost.
Capuchin's ghost is heavily damaged.
Capuchin's ghost closely misses you.
You hit Capuchin's ghost but do no damage.
Capuchin's ghost is heavily damaged.
Capuchin's ghost hits you.
You barely miss Capuchin's ghost.
Capuchin's ghost is heavily damaged.
Capuchin's ghost hits you!
* * * LOW HITPOINT WARNING * * *
You hit Capuchin's ghost but do no damage.
Your punch misses Capuchin's ghost.
Capuchin's ghost is heavily damaged.
Capuchin's ghost hits you!
You die...

.. #.# #.# #.# #$#
##.## #.# ##
##########...###.##...
#....@Wg...<......#.#
#.######.........%..
#.# #......#...# #.#
#.#g..##...# #.#
#.##.......#### #.#
#.###.##.#..... #.#
#.# #.##....... #.#
#.# #.#....#### #.#
#.# #!......#


You could see Capuchin's ghost and a goblin.

Vanquished Creatures
  Ijyb (D:2)
  2 gnolls (D:2)
  An adder (D:2)
  2 oozes
  A worm (D:2)
  2 dart slugs
  A giant gecko (D:2)
  4 orcs (D:3)
  5 bats
  A giant cockroach (D:2)
  4 goblins
  8 hobgoblins
  6 kobolds
  4 giant newts
  4 rats
46 creatures vanquished.

Notes
Turn   | Place    | Note
--------------------------------------------------------------
     0 | D:1      | epen the Formicid Monk began the quest for the Orb.
     0 | D:1      | Reached XP level 1. HP: 18/18 MP: 1/1
   302 | D:1      | Reached XP level 2. HP: 24/24 MP: 2/2
   668 | D:1      | Reached XP level 3. HP: 28/29 MP: 3/3
  1227 | D:2      | Noticed Ijyb
  1260 | D:2      | Killed Ijyb
  1260 | D:2      | Reached XP level 4. HP: 16/37 MP: 4/4
  1461 | D:2      | You fall through a shaft!
  1470 | D:3      | HP: 1/37 [poisoned by an adder]
  1937 | D:2      | Found a glowing silver altar of Zin.
  2099 | D:2      | Found an opulent altar of Gozag.
  2319 | D:2      | Reached skill level 5 in Unarmed Combat
  2319 | D:2      | Reached XP level 5. HP: 3/42 MP: 5/5
  3030 | D:3      | Noticed Capuchin's ghost (amateur MiFi)
  3064 | D:3      | Slain by Capuchin's ghost

Skill      XL: |  1  2  3  4  5 |
---------------+----------------+-----
Dodging        | 3 |  3.7
Unarmed Combat | 5 |  5.0
Fighting       | 4 |  4.0
Stealth        | |  2.4

Action                   |  1- 3 |  4- 6 || total
-------------------------+-------+-------++-------
Melee: Unarmed           |   101 |   107 ||   208
       Punch             |     3 |     1 ||     4
       Whip              |       |    12 ||    12
 Abil: Dig               |       |     1 ||     1
       Shaft Self        |       |     1 ||     1
  Use: Potion            |     1 |     2 ||     3
       Scroll            |       |     3 ||     3
 Stab: Sleeping          |     6 |       ||     6
  Eat: Chunk             |     1 |     1 ||     2
       Meat ration       |       |     1 ||     1
Armor: Robe              |     8 |       ||     8
       Ring mail         |       |    20 ||    20
Dodge: Dodged            |    59 |    45 ||   104
